 Dungeon Crawl Stone Soup version 0.30-a0-726-gd89dcf765f (webtiles) character file.

Game seed: 12591636582938738754

130 timneilson the Covered (level 5, 0/33 HPs)
             Began as a Gargoyle Fighter on Jan 29, 2023.
             Slain by a gnoll
             ... wielding a +0 halberd
              (2 damage)
             ... on level 3 of the Dungeon.
             The game lasted 00:04:16 (1740 turns).

timneilson the Covered (Gargoyle Fighter)           Turns: 1740, Time: 00:04:17

Health: 0/33       AC: 13    Str: 21    XL:     5   Next: 14%
Magic:  5/5        EV:  9    Int:  9    God:
Gold:   125        SH:  4    Dex:  9    Spells: 4/4 levels left

rFire   . . .      SeeInvis .    a - +1 long sword
rCold   . . .      Faith    .    c - +0 buckler
rNeg    + . .      Spirit   .    b - +0 scale mail
rPois   ∞          Reflect  .    (no helmet)
rElec   +          Harm     .    f - +0 cloak
rCorr   +          Rampage  .    e - +0 pair of gloves
Will    .....                    (no boots) Stlth
                                 (no amulet)
HPRegen 0.25/turn                g - ring of resist corrosion
MPRegen 0.09/turn                (no ring)

@: no status effects
A: sickness immunity, AC +4, negative energy resistance 1, electricity
resistance, torment resistance 1, petrification resistance
a: no special abilities


You were on level 3 of the Dungeon.
You visited 1 branch of the dungeon, and saw 3 of its levels.

You collected 125 gold pieces.

Inventory:

Hand Weapons
 a - a +1 long sword (weapon)
Armour
 b - a +0 scale mail (worn)
 c - a +0 buckler (worn)
 e - a +0 pair of gloves (worn)
 f - a +0 cloak (worn)
Jewellery
 g - a ring of resist corrosion (left hand)
Scrolls
 h - 3 scrolls of identify
 i - a scroll of fear
 j - a scroll of blinking
 k - a scroll of fog {unknown}
Potions
 d - 3 potions of might
 m - a potion of brilliance {unknown}


   Skills:
 + Level 3.7 Fighting
 * Level 2.9 Long Blades
 * Level 4.2 Armour
 + Level 1.0 Dodging
 * Level 4.1 Shields


You had 4 spell levels left.
You didn't know any spells.
Your spell library contained the following spells:

 Spells                   Type           Power      Damage    Failure   Level
 Dazzling Flash           Conj/Hex       0%         N/A       99%         3
 Agony                    Necr           0%         N/A       100%        5
 Silence                  Hex/Air        0%         N/A       100%        5


Dungeon Overview and Level Annotations

Branches:
Dungeon (3/15)

Altars:
Qazlal

Shops:
D:3 =(


Innate Abilities, Weirdness & Mutations

You are immune to sickness and miasma.
Your stone body is resilient. (AC +4)
You are immune to poison.
You resist negative energy. (rN+)
You are resistant to electric shocks. (rElec)
You are resistant to unholy torment.
You are immune to petrification.


Message History

You slash the gnoll!
The gnoll is almost dead.
The gnoll closely misses you.
You barely miss the gnoll.
The gnoll is almost dead.
You block the gnoll's attack. The gnoll hits you with a +0 halberd.
* * * LOW HITPOINT WARNING * * *
You closely miss the gnoll.
The gnoll is almost dead.
You block the gnoll's attack. The gnoll hits you but does no damage.
The gnoll barely misses you.
You hit the gnoll.
You kill the gnoll!
The gnoll hits you from afar with a +2 heavy spear.
* * * LOW HITPOINT WARNING * * *
You have reached level 5!
It was a potion of heal wounds.
You feel much better. You block the gnoll's attack.
A gnoll comes into view. It is wielding a +0 halberd.
The gnoll barely misses you.
You see here a +0 halberd.
You hit the gnoll.
The gnoll is heavily wounded.
The gnoll barely misses you.
You barely miss the gnoll.
The gnoll is heavily wounded.
The gnoll barely misses you. You block the gnoll's attack.
The gnoll hits you from afar with a +0 halberd!
You hit the gnoll.
The gnoll is severely wounded.
The gnoll hits you with a +2 heavy spear!
* * * LOW HITPOINT WARNING * * *
The gnoll hits you from afar with a +0 halberd.
* * * LOW HITPOINT WARNING * * *
You slash the gnoll!
You kill the gnoll!
The gnoll closely misses you.
Your Dodging skill increases to level 1!
The gnoll hits you with a +0 halberd.
You die...

# ...####......# #############
#.....).# ##..........#
##..##.## ..# ##..........#
#.....##...# ............#
#..........###.# ............#
#............... ............#
#.....#........#
.......∩....#####g##.#....###.#
............#..)@.....>....##>#
............####[###..#....##.#
##..........####.##........##.#
##.....................#.#.##.#
.............##........#.#....#
.......##'#.......#..#.#.....##
.......##.#.........##.###.###
.......##.#...###.#....###.#
.......##.....###.####.....#


You could see a gnoll.

Vanquished Creatures
  An orc priest (D:3)
  An adder (D:2)
  3 gnolls (D:3)
  A worm (D:2)
  2 dart slugs (D:1)
  6 orcs
  4 endoplasms
  3 giant cockroaches
  2 goblins (D:2)
  5 hobgoblins
  3 jackals (D:1)
  3 quokkas
  4 ball pythons (D:1)
  4 bats
  2 frilled lizards (D:1)
  A kobold (D:1)
  7 rats
52 creatures vanquished.

Notes
Turn   | Place    | Note
-------+----------+-------------------------------------------
     0 | D:1      | timneilson the Gargoyle Fighter began the quest for the
                  | Orb.
     0 | D:1      | Reached XP level 1. HP: 14/14 MP: 1/1
    90 | D:1      | Reached XP level 2. HP: 11/19 MP: 2/2
   247 | D:1      | Reached XP level 3. HP: 17/23 MP: 3/3
  1028 | D:2      | Reached XP level 4. HP: 28/28 MP: 4/4
  1200 | D:2      | Found a stormy altar of Qazlal.
  1508 | D:3      | Found Mal Vauv's Jewellery Shoppe.
  1594 | D:3      | Found Numoil's Weapon Shoppe.
  1734 | D:3      | Reached XP level 5. HP: 3/33 MP: 5/5
  1740 | D:3      | Reached skill level 1 in Dodging
  1740 | D:3      | Slain by a gnoll

Illustrated notes

Levels and vault maps discovered:
D:1:      pf_arrival_petrified_forest, layout_loops_ring, feat_on_display
D:2:      layout_basic, basic_altar
D:3:      layout_basic, serial_shops, shop, shop,
          nicolae_shop_overgrown_old_shop, nicolae_shop_window_shopping

Skill      XL: |  1  2  3  4  5 |
---------------+----------------+-----
Long Blades    | 2 |  2.9
Armour         | 4 |  4.2
Shields        | 4 |  4.1
Dodging        | 1 |  1.0
Fighting       | |  3.7

Action                     |  1- 3 |  4- 6 || total
---------------------------+-------+-------++-------
  Melee: Long sword        |   137 |    50 ||   187
    Use: Scroll            |     2 |     1 ||     3
         Potion            |       |     1 ||     1
 Armour: Scale mail        |    87 |    23 ||   110
  Dodge: Dodged            |    59 |    24 ||    83
  Block: Buckler           |    29 |    15 ||    44

Table legend: (Time is in decaauts)
 A = Elapsed time spent in this place.
 B = Non-inter-level travel time spent in this place.
 C = Inter-level travel time spent in this place.
 D = Time resting spent in this place.
 E = Time spent auto-exploring this place.
 F = Levels seen in this place.
 G = Mean time per level.
                   A        B        C        D        E       F      G
               +--------+--------+--------+--------+--------+-----+--------+
         Total |   1798 |   1755 |     43 |      0 |   1317 |   3 |  599.3 |
       Dungeon |   1798 |   1755 |     43 |      0 |   1317 |   3 |  599.3 |
               +--------+--------+--------+--------+--------+-----+--------+

Top non-repeatable levels by time:
     D:2: 720 daAuts
     D:1: 717 daAuts
     D:3: 359 daAuts
